 Dungeon Sprint DCSS version 0.20.1-1-g8b1a95d (webtiles) character file.

156 potatolord6000 the Thaumaturge (level 5, -5/28 HPs)
             Began as a Deep Elf Summoner on Aug 29, 2017.
             Was an Elder of Sif Muna.
             Splashed by an acid dragon's acid (14 damage)
             ... in the Dungeon (Sprint VII: "The Pits").
             The game lasted 00:07:20 (1063 turns).

potatolord6000 the Thaumaturge (Deep Elf Summoner)  Turns: 1063, Time: 00:07:21

Health: -5/28      AC:  2    Str:  5    XL:     5   Next: 14%
Magic:  2/17       EV: 13    Int: 21    God:    Sif Muna [****..]
Gold:   0          SH:  0    Dex: 15    Spells: 3/20 levels left

rFire    . . .     SeeInvis .   j - +2 dagger
rCold    . . .     Gourm    .   (no shield)
rNeg     . . .     Faith    .   a - +0 robe
rPois    .         Spirit   .   (no helmet)
rElec    .         Reflect  .   (no cloak)
rCorr    .         Harm     .   (no gloves)
MR       .....     NoTele   +   (no boots)
Stlth    ++++......             (no amulet)
Regen    0.1/turn               (no ring)
MPRegen  0.2/turn               (no ring)

@: no status effects
A: no striking features
a: Divine Energy, Channel Magic, Forget Spell, Renounce Religion


You were in the Dungeon.
You worshipped Sif Muna.
Sif Muna was greatly pleased with you.
You were full.

You visited 1 branch

Inventory:

Hand Weapons
 j - a +2 dagger (weapon)
Armour
 a - a +0 robe (worn)
Scrolls
 l - 3 scrolls of remove curse
 m - 5 scrolls of amnesia
 n - a scroll of summoning
Potions
 d - 5 potions of curing
 e - 5 potions of heal wounds
 f - a potion of haste
 g - 3 potions of magic
 h - 3 potions of berserk rage
 k - a potion of invisibility
Books
 b - a book of Callings

   Spells                             Type                      Level
   a - Summon Small Mammal            Summoning                    1
   b - Call Imp                       Summoning                    2
   c - Call Canine Familiar           Summoning                    3
   d - Summon Guardian Golem          Hexes/Summoning              3
   e - Summon Lightning Spire         Summoning/Air                4
   f - Summon Ice Beast               Ice/Summoning                4
Comestibles
 c - 8 bread rations
 o - 40 fruits
 p - 6 meat rations


   Skills:
 + Level 2.5 Dodging
 + Level 8.0 Stealth
 + Level 8.3 Spellcasting
 + Level 7.8 Summonings
 - Level 1.4 Invocations


You had 3 spell levels left.
You knew the following spells:

 Your Spells              Type           Power        Failure   Level  Hunger
a - Summon Small Mammal   Summ           ####         1%          1    None
b - Call Imp              Summ           #####...     1%          2    None
c - Call Canine Familiar  Summ           #####...     1%          3    None
d - Summon Guardian Gole  Hex/Summ       ####....     4%          3    None
e - Summon Ice Beast      Ice/Summ       ####....     16%         4    ###....
f - Summon Lightning Spi  Summ/Air       ####....     16%         4    ###....


Dungeon Overview and Level Annotations

Branches:
Dungeon (1/1)

Altars:
Ashenzari
Cheibriados
Dithmenos
Elyvilon
Fedhas
Gozag
Hepliaklqana
Kikubaaqudgha
Makhleb
Nemelex Xobeh
Okawaru
Qazlal
Ru
Sif Muna
Trog
Uskayaw
Vehumet
Xom
Yredelemnul
Zin
The Shining One
Beogh
Jiyva
Lugonu


Message History

Confirm with . or Enter, or press ? or * to list all spells.
A chill wind blows around you.
Casting: Summon Ice Beast
Confirm with . or Enter, or press ? or * to list all spells.
You miscast Summon Ice Beast.
Sif Muna protects you from the effects of your miscast!
You swap places.
You open the door.
An acid dragon comes into view.
You swap places.
There is an open door here.
The helpless acid dragon fails to defend itself.
You impale the acid dragon!!
The acid dragon is almost dead.
The acid dragon spits acid at you. The splash of acid hits you!
Ouch! That really hurt!
You are splashed with acid!
The acid burns!
Ouch! That really hurt!
You die...

#[#........##.......#
#)#........##.......#
#)###########.......#
#†.)....# #########
#.###...# #.#.....#
#.#...#.#+#
#.....#.#D+
#...###.#@#
#.......hY#
###########


You could see an acid dragon, a friendly ice beast and a friendly hound.

Vanquished Creatures
  An ufetubus (D)
  A rat (D)
2 creatures vanquished.

Vanquished Creatures (collateral kills)
  A floating eye (D)
  2 jellies (D)
  A gnoll shaman (D)
  Ijyb (D)
  5 gnolls (D)
  An adder (D)
  A river rat (D)
  An ooze (D)
  3 orcs (D)
  8 jackals (D)
  A jackal skeleton (D)
  A kobold (D)
  A rat (D)
27 creatures vanquished.

Grand Total: 29 creatures vanquished

Notes
Turn   | Place    | Note
-------+----------+-------------------------------------------
     0 | D        | potatolord6000 the Deep Elf Summoner began the quest for the Orb.
     0 | D        | Reached XP level 1. HP: 10/10 MP: 6/6
    34 | D        | Found a bloodstained altar of Trog.
    34 | D        | Found a deep blue altar of Sif Muna.
    34 | D        | Found a viscous altar of Jiyva.
    34 | D        | Found a hazy altar of Hepliaklqana.
    34 | D        | Found an opulent altar of Gozag.
    60 | D        | Found a glowing golden altar of the Shining One.
    60 | D        | Found a glowing silver altar of Zin.
    60 | D        | Found a basalt altar of Yredelemnul.
    60 | D        | Found a shimmering altar of Xom.
    60 | D        | Found a sacrificial altar of Ru.
    60 | D        | Found a stormy altar of Qazlal.
    60 | D        | Found an iron altar of Okawaru.
    60 | D        | Found a sparkling altar of Nemelex Xobeh.
    60 | D        | Found a burning altar of Makhleb.
    60 | D        | Found a blossoming altar of Fedhas.
    60 | D        | Found a white marble altar of Elyvilon.
    60 | D        | Found a shadowy altar of Dithmenos.
    60 | D        | Found a snail-covered altar of Cheibriados.
    63 | D        | Found a corrupted altar of Lugonu.
    63 | D        | Found a radiant altar of Vehumet.
    63 | D        | Found a roughly hewn altar of Beogh.
    64 | D        | Found an ancient bone altar of Kikubaaqudgha.
    64 | D        | Found a hide-covered altar of Uskayaw.
    64 | D        | Found a shattered altar of Ashenzari.
    65 | D        | Became a worshipper of Sif Muna the Loreminder
   108 | D        | Reached skill level 1 in Invocations
   398 | D        | Reached skill level 5 in Summonings
   414 | D        | Reached XP level 2. HP: 8/15 MP: 1/8
   416 | D        | Reached * piety under Sif Muna
   467 | D        | Learned a level 2 spell: Call Imp
   593 | D        | Noticed a floating eye
   611 | D        | Paralysed by a floating eye for 4 turns
   613 | D        | Killed a floating eye
   613 | D        | Reached ** piety under Sif Muna
   613 | D        | Reached XP level 3. HP: 19/19 MP: 6/12
   813 | D        | Learned a level 3 spell: Call Canine Familiar
   828 | D        | Learned a level 3 spell: Summon Guardian Golem
   873 | D        | Noticed Ijyb
   877 | D        | Reached XP level 4. HP: 24/24 MP: 1/14
   940 | D        | Reached *** piety under Sif Muna
   974 | D        | Killed Ijyb
   974 | D        | Reached XP level 5. HP: 28/28 MP: 6/17
   980 | D        | Reached **** piety under Sif Muna
  1023 | D        | Learned a level 4 spell: Summon Ice Beast
  1028 | D        | Learned a level 4 spell: Summon Lightning Spire
  1061 | D        | Noticed an acid dragon
  1063 | D        | Splashed by an acid dragon's acid

Skill      XL: |  1  2  3  4  5 |
---------------+----------------+-----
Stealth        | 3 6 7 8 |  8.0
Invocations    | 1 |  1.4
Summonings     | 5 6 7 |  7.8
Spellcasting   | 6 8 |  8.3
Dodging        | |  2.5

Action                   |  1- 3 |  4- 6 || total
-------------------------+-------+-------++-------
Melee: Dagger            |    11 |     2 ||    13
 Cast: Summon Small Mamm |    17 |       ||    17
       Call Imp          |     8 |     3 ||    11
       Call Canine Famil |     2 |     4 ||     6
       Summon Guardian G |     1 |     3 ||     4
       Summon Ice Beast  |       |     1 ||     1
       Summon Lightning  |       |     1 ||     1
  Use: Potion            |     3 |     1 ||     4
       Scroll            |     1 |       ||     1
 Stab: Sleeping          |       |     2 ||     2
  Eat: Meat ration       |       |     1 ||     1
Armor: Robe              |     2 |       ||     2
Dodge: Dodged            |    29 |       ||    29
